AoeStats
← AiM | Facu1414

African Clearing

505803243Analyzed
4v4 RM · 21d ago on Sep 11, 2026· 44m 6s· 8 players
Game mode
Random Map
Map size
Large (8 player)
Population
200
Speed
Normal
Resources
Standard
Victory
Conquest
Starting age
Dark Age
Ending age
Imperial Age
RankedLock teamsTeams togetherTeam positionsShared explorationLock speedFull tech treeHidden civsTurbo modeCheats
Victory
Defeat
🇲🇽 Turks · Mexico
1767
+8
🇨🇱 Mongols · Chile
1684
+11
🇺🇸 Jurchens · United States
1566
+15
🇨🇳 Chinese · China
1545
+15
🇦🇷 Cumans · Argentina
1586
-13
🇲🇽 Vietnamese · Mexico
1577
-13
🇦🇷 Magyars · Argentina
1561
-12
🇨🇱 Huns · Chile
1514
-11
busy pushing deer
13:25 Feudal Age
17:01 Castle Age
14:59 Double-Bit Axe
17:59 Fletching
18:58 Bow Saw
20:38 Bodkin Arrow
22:18 Gold Mining
24:15 Ballistics
26:19 Husbandry
27:03 Padded Archer Armor
27:50 Loom
32:18 Wheelbarrow
34:22 Hand Cart
35:05 Town Watch
39:15 Imperial Age
38:35 Bloodlines
38:48 Scale Barding Armor
38:54 Forging
38:43 Light Cavalry
40:07 Bracer
41:56 Chemistry
41:50 Heavy Cavalry Archer
43:31 Chain Barding Armor
啦啦啦啦啦啦
3:23 Loom
13:37 Feudal Age
19:29 Castle Age
18:10 Double-Bit Axe
19:43 Pikeman
21:27 Fishing Lines
25:47 Wheelbarrow
28:10 Hand Cart
27:40 Town Watch
28:02 Gillnets
29:54 Horse Collar
31:40 Scale Mail Armor
31:50 Forging
31:43 Squires
31:29 Arson
37:25 Imperial Age
35:46 Iron Casting
35:18 Arson
35:53 Chain Mail Armor
36:14 Bow Saw
37:30 Elite Fire Lancer
37:33 Capped Ram
38:47 Plate Mail Armor
39:18 Blast Furnace
38:45 Siege Ram
41:15 Blast Furnace
43:20 Fletching
[CL] Davidlk1412
11:07 Loom
14:05 Feudal Age
14:26 Feudal Age
15:22 Feudal Age
19:35 Castle Age
18:15 Stone Mining
18:38 Fishing Lines
19:07 Double-Bit Axe
20:32 Gillnets
20:57 Fletching
22:44 Bodkin Arrow
24:12 Bow Saw
25:19 Ballistics
24:43 Horse Collar
24:58 Gold Mining
25:36 Padded Archer Armor
26:49 Wheelbarrow
27:22 Horse Collar
31:04 Hand Cart
30:52 Heavy Plow
37:45 Imperial Age
35:42 Town Watch
36:24 Bloodlines
37:46 Husbandry
38:02 Leather Archer Armor
39:19 Conscription
39:07 Bracer
41:16 Chemistry
40:32 Nomads
41:07 Parthian Tactics
42:01 Elite Mangudai
43:42 Scale Barding Armor
43:48 Forging
43:47 Thumb Ring
43:10 Light Cavalry
UXKEKO
8:54 Loom
11:52 Feudal Age
13:56 Double-Bit Axe
14:42 Town Watch
16:09 Scale Barding Armor
16:45 Horse Collar
17:17 Forging
21:45 Bloodlines
27:14 Castle Age
28:18 Chain Barding Armor
29:06 Fletching
35:39 Bow Saw
38:35 Wheelbarrow
AiM | PoRRo
7:58 Loom
13:08 Feudal Age
13:46 Double-Bit Axe
16:04 Forging
20:15 Scale Mail Armor
21:32 Scale Barding Armor
23:22 Bloodlines
26:23 Castle Age
26:42 Fletching
28:44 Husbandry
30:11 Ballistics
30:51 Padded Archer Armor
31:01 Bodkin Arrow
32:11 Padded Archer Armor
34:32 Leather Archer Armor
34:51 Thumb Ring
41:22 Wheelbarrow
43:19 Horse Collar
43:51 Bow Saw
AiM | Facu1414
5:35 Loom
12:41 Feudal Age
13:05 Feudal Age
17:19 Castle Age
15:43 Double-Bit Axe
17:01 Horse Collar
21:45 Scale Barding Armor
23:23 Bloodlines
26:56 Chain Barding Armor
27:04 Chain Barding Armor
29:03 Fletching
29:13 Padded Archer Armor
29:55 Padded Archer Armor
30:20 Elite Skirmisher
30:57 Bodkin Arrow
31:52 Wheelbarrow
31:03 Town Watch
32:16 Town Watch
34:18 Leather Archer Armor
34:44 Ballistics
37:14 Capped Ram
38:12 Forging
43:02 Hand Cart
AIM | Agua cate 98
8:05 Loom
13:16 Feudal Age
14:05 Double-Bit Axe
16:38 Bloodlines
18:18 Town Watch
19:37 Wheelbarrow
19:35 Scale Barding Armor
25:45 Castle Age
24:26 Gold Mining
24:26 Stone Mining
24:57 Horse Collar
25:50 Light Cavalry
26:32 Husbandry
26:52 Bow Saw
28:11 Chain Barding Armor
29:25 Corvinian Army
40:38 Fletching
42:36 Hand Cart
AiM | Fubuki Sinri
10:24 Loom
12:57 Feudal Age
16:48 Castle Age
15:39 Fletching
15:57 Double-Bit Axe
18:25 Bodkin Arrow
23:56 Padded Archer Armor
24:59 Town Watch
25:55 Horse Collar
26:25 Bow Saw
26:53 Wheelbarrow
26:08 Town Watch
29:34 Leather Archer Armor
30:42 Gold Mining
30:42 Stone Mining
31:52 Ballistics
36:42 Hand Cart
36:27 Town Patrol
39:17 Heavy Plow
43:05 Imperial Age
41:35 Treadmill Crane
43:59 Bracer
Connection lost

Rejoining the realm…

Still unreachable

The connection could not be restored.

Session expired

The server has moved on; the page needs a fresh start.